[Event "Swietokrzyskie IM Chess-ch 2022"]
[Site "Zagnansk"]
[Date "2022.04.30"]
[Round "1.1"]
[White "Nowak, FM ?ukasz"]
[Black "Sieciechowicz, IM Marcin"]
[Result "*"]
[WhiteElo "2376"]
[BlackElo "2388"]
[Annotator "TA"]
[PlyCount "32"]
[EventDate "2022.04.29"]
[EventCountry "POL"]
[SourceTitle "playchess.com"]
[Source "ChessBase"]
[SourceQuality "1"]
[TimeControl "40/5400+30:1800+30"]

1. d4 Nf6 2. c4 g6 3. Nc3 Bg7 4. e4 d6 5. Be2 O-O 6. Be3 {[%emt 0:00:09] [#]} {Predecessor:} e5 $146 {E73: King's Indian: Averbakh Variation without 6...c5.} 7. d5 a5 8. g4 Na6 9. g5 Nd7 10. h4 Ndc5 11. Nf3 Bg4 12. Nh2 Bd7 13. Ng4 c6 14. Qd2 Bxg4 15. Bxg4 Nb4 16. Bxc5 dxc5 {1-0 (42) Sarana,A (2685)-Caruana,F (2792) Chess.com INT 2022} *

[Event "Swietokrzyskie IM Chess-ch 2022"]
[Site "Zagnansk"]
[Date "2022.04.30"]
[Round "1.2"]
[White "Kotyk, Michael"]
[Black "Prokofiev, Valentyn"]
[Result "1-0"]
[ECO "A56"]
[WhiteElo "2170"]
[BlackElo "2287"]
[Annotator "TA"]
[PlyCount "79"]
[EventDate "2022.04.29"]
[EventCountry "POL"]
[SourceTitle "playchess.com"]
[Source "ChessBase"]
[SourceQuality "1"]
[TimeControl "40/5400+30:1800+30"]

1. d4 Nf6 2. c4 c5 3. d5 g6 4. Nc3 Bg7 5. e4 d6 6. Nf3 O-O 7. h3 e6 8. Be2 Re8 9. Be3 exd5 10. exd5 Bf5 11. O-O Ne4 {[%emt 0:02:19] E91: King's Indian: Classical: 6 Be2, unusual replies including 6...c5 and 6...Bg4.} 12. Nxe4 Bxe4 13. Bd3 {[%emt 0:12:27] [#]} Bxd3 $146 ({Predecessor:} 13... Bxf3 14. Qxf3 Nd7 15. Rab1 Ne5 16. Qd1 Qh4 17. b3 f5 18. Bc1 Re7 19. Bb2 Rae8 20. Bxe5 Bxe5 {½-½ (27) Fazulyanov,S (2297)-Nesterov,Y (2497) Moscow 2006}) 14. Qxd3 Qc7 15. Rab1 Nd7 16. Rfe1 Ne5 17. Nxe5 Rxe5 18. b3 Qa5 19. Qd2 Qxd2 20. Bxd2 Rxe1+ 21. Rxe1 $11 {[%emt 0:00:54][%mdl 4096] Endgame KRB-KRB} Be5 22. Kf1 Rb8 23. Ke2 Kg7 24. Kd3 a6 25. g4 h6 (25... b5 $14) 26. h4 Bd4 27. f4 (27. Re2 $16) 27... Bf2 (27... b5 $14) 28. Rh1 $16 Re8 29. h5 Bd4 30. hxg6 fxg6 31. f5 g5 32. b4 ({White should play} 32. Re1 $16 Rxe1 33. Bxe1) 32... b6 (32... b5 $1 $14) 33. Rb1 (33. a4 $16) 33... h5 34. bxc5 ({Of course not} 34. Bxg5 hxg4 35. bxc5 Bxc5 $11) ({White should try} 34. gxh5 $14 Kf6 35. h6) 34... Bxc5 (34... bxc5 $11 {remains equal.} 35. gxh5 Kf6) 35. gxh5 Kh6 {[%emt 0:00:47] [#]} 36. Rf1 (36. Re1 $1 $16 Rxe1 37. Bxe1 Kxh5 38. a4) 36... Kxh5 $11 {[%emt 0:02:24] The position is equal.} 37. Rh1+ Kg4 38. Rf1 {[%emt 0:00:47] f6 is the strong threat.} Rf8 39. f6 {[%emt 0:00:15] Strongly threatening f7.} Kh5 $1 40. Bc3 {[%emt 0:00:00][%mdl 32768] Weighted Error Value: White=0.18 (very precise) /Black=0.22 (precise) . Loss on time!?} 1-0

[Event "Swietokrzyskie IM Chess-ch 2022"]
[Site "Zagnansk"]
[Date "2022.04.30"]
[Round "1.3"]
[White "Chylewski, FM Patryk"]
[Black "Wikar, WFM Martyna"]
[Result "1/2-1/2"]
[ECO "E81"]
[WhiteElo "2281"]
[BlackElo "2197"]
[Annotator "TA"]
[PlyCount "51"]
[EventDate "2022.04.29"]
[EventCountry "POL"]
[SourceTitle "playchess.com"]
[Source "ChessBase"]
[SourceQuality "1"]
[TimeControl "40/5400+30:1800+30"]

1. d4 Nf6 2. c4 g6 3. Nc3 Bg7 4. e4 d6 5. f3 O-O 6. Nge2 c5 7. Be3 Qa5 {[%emt 0:00:50] E81: King's Indian: Sämisch: 6th move deviations (including 6 Be3 c6).} 8. d5 b5 9. cxb5 a6 $1 {[%emt 0:00:04] The position is equal.} 10. b6 Nbd7 11. Qd2 Rb8 (11... Nxb6 $5 12. Nf4 Nfd7 $11) 12. Nc1 Ne5 13. Be2 Qxb6 14. Rb1 {[%emt 0:00:34][%cal Ob2b4] [#]} a5 $146 ({Predecessor:} 14... Qc7 15. O-O e6 16. Bg5 Bb7 17. f4 Ned7 18. Bf3 exd5 19. exd5 Rfe8 20. N1e2 Nb6 {½-½ (34) Horvath,M (2015)-Kiefhaber,V (2207) Germany 2013}) 15. O-O Ba6 16. Kh1 Nfd7 17. b3 {[%emt 0:10:14] Prevents Nc4. Threatens to win with f4.} Bxe2 18. N1xe2 Qb4 (18... Qa6 $11) 19. Rfc1 Rfc8 20. h3 {[%emt 0:04:54] [#] aiming for f4.} Nf6 21. Na4 ({Better is} 21. Bg5 $14) 21... Ned7 22. Qd1 Qb5 23. Nf4 Ne5 24. Nb2 Qa6 25. Ne2 Rb7 26. Kh2 {[%emt 0:02:54] Weighted Error Value: White=0.14 (very precise) /Black=0.13 (very precise)} 1/2-1/2

[Event "Swietokrzyskie IM Chess-ch 2022"]
[Site "Zagnansk"]
[Date "2022.04.30"]
[Round "1.4"]
[White "Malek, Jan"]
[Black "Krzywda, CM Andrzej"]
[Result "0-1"]
[ECO "B31"]
[WhiteElo "2316"]
[BlackElo "2152"]
[Annotator "TA"]
[PlyCount "120"]
[EventDate "2022.04.29"]
[EventCountry "POL"]
[SourceTitle "playchess.com"]
[Source "ChessBase"]
[SourceQuality "1"]
[TimeControl "40/5400+30:1800+30"]

1. e4 c5 2. Nf3 Nc6 3. Bb5 g6 4. O-O Bg7 5. Re1 Nf6 6. e5 Nd5 7. Nc3 Nc7 8. Bxc6 dxc6 9. Ne4 Ne6 {[%emt 0:00:29] 9...b6 injects fresh life into this line.} 10. d3 h6 {[%emt 0:00:45] B31: Sicilian: 2...Nc6 3 Bb5 g6.} 11. a4 b6 12. b3 O-O {[%emt 0:01:57] [#] The position is equal.} 13. h4 $146 ({Predecessor:} 13. a5 Rb8 14. h3 Rb7 15. Bb2 Rc7 16. axb6 axb6 17. Ra4 Kh7 18. Qc1 Rb7 19. Ng3 Qd7 20. Bc3 f5 21. exf6 {1-0 (21) Gonzalez Martinez,E (2149)-Nazarova,A (2108) ICCF email 2017}) 13... Nd4 14. Nxd4 Qxd4 15. Ra2 Qxe5 16. a5 Qb8 17. Ng3 Be6 18. Rxe6 fxe6 $17 19. Ra4 Bd4 20. Rxd4 cxd4 21. Bxh6 {[%emt 0:01:24] [#]} Rf5 $1 22. Qg4 {[%emt 0:06:57] [#]} (22. Nxf5 exf5) 22... Kh7 23. Bd2 {[%emt 0:00:43] [#]} Qe5 ({And not} 23... bxa5 24. Nxf5 exf5 25. Qxd4 $11) 24. Ne4 Raf8 25. f3 c5 26. Bg5 R8f7 27. a6 Kg8 28. Bd2 (28. Bh6 $17 {might work better.}) 28... Kh7 $2 (28... Kg7 $19 29. Ng3 R7f6) 29. Qh3 $2 (29. Bg5 $1 $11 Rg7 30. Bd2) 29... Kg7 $19 30. Be1 Qf4 31. Bd2 {[%emt 0:00:02] Prevents Qe3+.} Qe5 32. Be1 $1 Qf4 33. Bd2 {[%emt 0:00:02] Prevents Qe3+.} Qe5 ({Better is} 33... Qb8 $19 {Hoping for ...Rf8.} 34. Qg4 Qe5) 34. c4 $2 (34. Be1 $1 $11 {and White stays safe.} Rf8 35. Bd2) 34... Rf8 35. Be1 Qf4 36. Bd2 {[%emt 0:00:01] Inhibits Qe3+.} Qe5 ({Black should try} 36... Qb8 $19 {aiming for ...b5.} 37. Bg5 R8f7) 37. Qg4 $2 (37. Be1 $1 $11 {and White is okay.}) 37... Rh5 38. Ng3 Rhh8 39. Kf2 {[%emt 0:00:22] [#]} Rf5 $1 40. Nf1 (40. Kg1 Qf6) 40... Rfh5 41. g3 Qf5 42. Ke2 Rf8 43. Nh2 (43. Bg5 $142) 43... e5 {[%emt 0:02:57] Black is clearly winning.} 44. Nf1 Rhh8 {[%emt 0:00:40] Strongly threatening ...Qxg4.} 45. Bg5 Rf7 {[%emt 0:01:48] Threatens to win with ...Qxg4.} 46. Nd2 Rhf8 47. Qe4 Qxe4+ 48. dxe4 e6 49. g4 Rb8 50. Kd3 Kh7 51. Ke2 b5 52. Kd3 b4 53. Ke2 Rb6 54. f4 exf4 55. Nf3 Rxa6 56. Ne5 f3+ 57. Kf2 Ra2+ 58. Kf1 Rc7 59. Bd8 Rc8 60. Be7 a5 {[%emt 0:01:29] Weighted Error Value: White=0.56/Black=0.51} 0-1

[Event "Swietokrzyskie IM Chess-ch 2022"]
[Site "Zagnansk"]
[Date "2022.05.01"]
[Round "2.1"]
[White "Sieciechowicz, IM Marcin"]
[Black "Vlachos, IM Anatole"]
[Result "1/2-1/2"]
[ECO "D20"]
[WhiteElo "2388"]
[BlackElo "2406"]
[Annotator "TA"]
[PlyCount "123"]
[EventDate "2022.04.29"]
[EventCountry "POL"]
[SourceTitle "playchess.com"]
[Source "ChessBase"]
[SourceQuality "1"]
[TimeControl "40/5400+30:1800+30"]

1. d4 d5 2. c4 dxc4 3. e4 Nf6 4. e5 Nd5 5. Bxc4 Nb6 6. Bd3 Nc6 7. Ne2 Bg4 8. f3 Be6 {[%emt 0:00:06] The old main line.} 9. Nbc3 Qd7 {[%emt 0:01:26] 9...Bc4 is vanishing.} (9... Nxd4 $2 10. Nxd4 Qd7 11. Nxe6 Qxe6 12. Qe2 $18) 10. Ne4 $1 {[%emt 0:06:13] D20: Queen's Gambit Accepted: 3 e3 and 3 e4.} Bd5 (10... Nxd4 $2 11. Nxd4 c6 12. Be3 $18) 11. Nc5 Qc8 12. O-O {[%emt 0:05:41] White is slightly better.} e6 13. Ne4 Qd7 14. Bg5 {[%emt 0:03:49] [#]} Be7 $146 {[%emt 0:11:06] [#] Strongly threatening ...Bxe4.} ({Predecessor:} 14... h6 15. Bh4 Be7 16. Bxe7 Qxe7 17. Qc1 O-O-O 18. a4 Bxe4 19. Bxe4 Nxd4 20. Nxd4 Rxd4 21. a5 Rc4 22. Qe3 Nd7 {0-1 (38) Milov,V (2590)-Zilberman,Y (2460) Tel Aviv 1994}) 15. Bxe7 Qxe7 16. N4c3 O-O-O 17. b3 f6 18. exf6 gxf6 19. Qe1 (19. Bb5 {keeps more tension.} Rhg8 20. Qd2 Qd6 21. Qh6) 19... Rhg8 20. Qf2 f5 21. Nf4 Qf6 22. Nce2 e5 23. Nxd5 Nxd5 24. dxe5 Qxe5 ({Black should try} 24... Nxe5 $15 25. Bc4 Nxc4 26. bxc4 Nb6) 25. f4 Qe6 26. Bc4 b5 27. Bxd5 Rxd5 28. Rad1 {[%emt 0:02:19] Prevents Rd2.} (28. Nc3 {seems wilder.} Rd3 29. Rae1 Qd7 30. Nxb5 Qd5 31. Na3) 28... Rgd8 29. Rxd5 Qxd5 30. h3 Kb7 31. Kh2 a6 32. Rc1 Rd6 33. Rc5 Qd3 34. Rc3 Qd5 (34... Qd2 $5 35. Qf3 Kb6 $15) 35. Ng3 Nd4 {[%emt 0:00:46] Prevents Qc2.} 36. b4 Nc6 37. a3 Qd4 38. Qxd4 (38. Qf3 {feels hotter.} Qd5 39. Qe3 Nd8 40. Rc5) 38... Rxd4 39. Nxf5 Rxf4 $14 {[%emt 0:00:05][%mdl 4096] Endgame KRN-KRN} 40. g4 a5 41. bxa5 Nxa5 42. Ne3 Nc4 43. Kg3 {[%emt 0:01:41] Inhibits Rf3+.} Nxe3 44. Rxe3 $11 {[%emt 0:00:06] KR-KR} Rf7 45. g5 c5 46. h4 Kc6 47. h5 {[%emt 0:01:05] The position is equal.} Kd5 48. Kg4 c4 49. g6 hxg6 50. hxg6 Rc7 51. Kf5 Kd4 (51... c3 $5 52. g7 Rxg7 53. Rxc3 Ra7 $11) 52. Rg3 Rc8 {[%emt 0:00:40] [#] White must now prevent ...c3.} 53. g7 Rg8 54. Kf6 c3 55. Kf7 c2 {[%emt 0:01:12][%cal Og8g7] ...Rxg7+! is the strong threat.} 56. Rg1 Rc8 57. g8=Q Rxg8 58. Kxg8 Kc3 59. Kf7 Kb2 60. Ke6 Kxa3 {[%emt 0:00:54] aiming for ...b4.} 61. Kd5 Kb2 62. Ke5 {Weighted Error Value: White=0.06 (flawless) /Black=0.04 (flawless)} 1/2-1/2

[Event "Swietokrzyskie IM Chess-ch 2022"]
[Site "Zagnansk"]
[Date "2022.05.01"]
[Round "2.2"]
[White "Krzywda, CM Andrzej"]
[Black "Manik, GM Mikulas"]
[Result "1/2-1/2"]
[ECO "B24"]
[WhiteElo "2152"]
[BlackElo "2367"]
[Annotator "TA"]
[PlyCount "62"]
[EventDate "2022.04.29"]
[EventCountry "POL"]
[SourceTitle "playchess.com"]
[Source "ChessBase"]
[SourceQuality "1"]
[TimeControl "40/5400+30:1800+30"]

1. e4 c5 2. Nc3 Nc6 3. Bb5 Nd4 4. Nf3 a6 5. Bc4 Nf6 6. a4 {[%emt 0:07:05] B23: Closed Sicilian: Lines without g3.} e6 7. d3 Qc7 8. h3 b6 9. O-O Bb7 10. Ba2 {[%emt 0:05:42] [#]} d5 $146 ({Better is} 10... Nc6 $11) ({Predecessor:} 10... Nxf3+ 11. Qxf3 Be7 12. Bf4 d6 13. Qe2 Bc6 14. Bg3 b5 15. f4 b4 16. Nd1 d5 {0-1 (46) Tiwari,A (2274)-Maletin,P (2584) Bhubaneswar 2010}) 11. exd5 $14 O-O-O $1 12. Bg5 $36 {[%emt 0:08:17][%mdl 2048] Black is under pressure.} h6 13. Bxf6 (13. Bh4 $1 $14) 13... gxf6 $11 14. Nxd4 cxd4 15. Ne2 Rg8 $1 16. a5 (16. Nxd4 Rxd5 17. Bxd5 Bxd5 $19) 16... Qe5 (16... b5 $11) 17. Qe1 (17. axb6 $16 {Hoping for Bc4.} Bxd5 18. Bxd5 Qxd5 19. g3) 17... Qg5 (17... b5 $11 {keeps the balance.}) 18. Ng3 (18. g3 $16) 18... f5 (18... Rxd5 $11 19. Bxd5 (19. axb6 Re5 $15) 19... Qxd5) 19. dxe6 $16 f4 {[%emt 0:00:17][%cal Bf5f4,Bf4g3][%mdl 32] [#]} 20. exf7 $1 Rg6 {[%emt 0:05:19] [#]} 21. axb6 $1 fxg3 $14 22. f4 {[%emt 0:01:48] The board is on fire.} Qc5 (22... Qe7 $11) 23. Be6+ (23. Bb3 $1 $16) 23... Kb8 $11 24. Bc4 Qxb6 25. f5 Rc6 26. Qxg3+ Bd6 27. Qg8 {[%emt 0:00:33] White is much more active.} (27. Qf2 $1 $14) 27... Ka7 $2 (27... Rcc8 $17 28. Qg4 Rxc4 $1 29. dxc4 d3+ 30. Kh1 dxc2) 28. Rae1 $2 {[%emt 0:01:15][%mdl 8192] [#]} (28. b3 $14) 28... Rcc8 $2 (28... Rxc4 $1 $19 29. f8=R (29. f8=Q Rxc2) 29... Rxc2 30. Rxd8 Qxd8 $3 31. Qxd8 Rxg2+ 32. Kh1 Rh2+ 33. Kg1 Rg2+ 34. Kh1 Rg8+ 35. Re4 Bxe4+ 36. dxe4 Rxd8) 29. Re8 $16 Bb4 (29... h5 $16 30. Rb1 Bb4) 30. Rf2 Qa5 {[%emt 0:01:18] [#]} 31. Qh8 $2 ({White should try} 31. Rfe2 $1 $18) 31... Bc6 $2 {[%emt 0:00:43] Weighted Error Value: White=0.66/Black=0.58} (31... Be7 $11 32. Qg8 (32. Rxd8 Qe1+ 33. Rf1 Qe3+ 34. Rf2 Bxd8 $17) 32... Qe1+ 33. Rf1 Qe3+ 34. Rf2 Qc1+ 35. Rf1 Qe3+ 36. Rf2 Qc1+ 37. Rf1 Qe3+) 1/2-1/2

[Event "Swietokrzyskie IM Chess-ch 2022"]
[Site "Zagnansk"]
[Date "2022.05.01"]
[Round "2.3"]
[White "Wikar, WFM Martyna"]
[Black "Malek, Jan"]
[Result "0-1"]
[ECO "B37"]
[WhiteElo "2197"]
[BlackElo "2316"]
[Annotator "TA"]
[PlyCount "70"]
[EventDate "2022.04.29"]
[EventCountry "POL"]
[SourceTitle "playchess.com"]
[Source "ChessBase"]
[SourceQuality "1"]
[TimeControl "40/5400+30:1800+30"]

1. e4 c5 2. Nf3 g6 3. d4 cxd4 4. Nxd4 Bg7 5. c4 Nc6 6. Nc2 d6 7. Be2 Be6 $1 {[%emt 0:00:08][%mdl 4] now scores much better than the old 7...Nf6. B37: Sicilian: Maroczy Bind with 5...Bg7, sidelines.} 8. O-O Rc8 9. Ne3 Nf6 {[%emt 0:09:43] The position is equal.} 10. Nc3 Na5 11. Qa4+ Nd7 12. Ned5 {[%emt 0:06:37] [#]} Bxc3 $146 ({Predecessor:} 12... Nc6 13. Be3 Nc5 14. Qa3 Nd4 15. Rac1 Nxe2+ 16. Nxe2 Nxe4 17. Bxa7 O-O 18. Bb6 Qd7 {0-1 (35) Obrusnik,M (2288)-Jaracz,P (2508) Poland 2015}) 13. bxc3 Nc6 14. Bh6 f6 15. f4 Rg8 16. Kh1 Qa5 17. Qd1 Nc5 18. Bg4 {[%emt 0:04:50] Strongly threatening Bxe6.} Qd8 19. f5 (19. Bxe6 $16 Nxe6 20. Qg4) 19... Bd7 20. fxg6 ({Better is} 20. Qe1 $11) 20... hxg6 $15 21. Bxd7+ Nxd7 22. Nf4 (22. Be3 $15) 22... Nc5 $17 {[%emt 0:12:33] And now ...Rh8 would win.} 23. Qd5 Kd7 $1 24. Nxg6 {[%emt 0:04:54][%cal Oh6f4] [#]} Qe8 (24... Kc7 $142 $1 25. Qf7 Kb8) 25. Nf4 (25. Nh4 $17 {was forced.}) 25... Ne5 $19 (25... e6 26. Qd1 $17) 26. Qd2 Rg4 {[%emt 0:05:28] aiming for ...Qh8.} (26... Nxc4 $2 27. Qe2 Ne5 28. Nd5 $19) 27. Nh3 (27. Rae1 $142) 27... Qg6 (27... Rxe4 $2 28. Rae1 $19) (27... Nxe4 $2 28. Qb2 $19) 28. Bf4 Rg8 ({But not} 28... Nxc4 $2 29. Qe2 Nxe4 30. Rab1 $19) (28... Qxe4 $2 29. Bxe5 fxe5 30. Ng5 Qxc4 31. h3 $19) 29. Rg1 Nxe4 ({Don't go for} 29... Qxe4 $2 30. Bxe5 fxe5 31. Nf2 $19) ({Wrong is} 29... Nxc4 $2 30. Qe2 Qxe4 31. Rae1 Qxe2 32. Rxe2) 30. Qb2 Nd3 $2 {[%emt 0:07:51] Pair of Knights!} ({Black should try} 30... Kc7 $19 {...Nd3 is the strong threat.} 31. Raf1 Rh4 32. Bxe5 fxe5) 31. Qxb7+ $11 Ke8 {[%emt 0:00:01][%cal Bd7e8,Be8f7,Bf7f8][%mdl 32] Really sharp!} 32. Qa8+ Kf7 33. Qd5+ Kf8 {[%emt 0:00:02] ( -> ...Nef2+)} 34. Bh6+ $2 Qxh6 $19 35. Qxd3 {[%emt 0:00:06] [#]} Qxh3 $3 {[%emt 0:00:10][%mdl 576] Remove Defender.  Weighted Error Value: White=0.66/Black=0.29 (precise)} 0-1

[Event "Swietokrzyskie IM Chess-ch 2022"]
[Site "Zagnansk"]
[Date "2022.05.01"]
[Round "2.4"]
[White "Prokofiev, Valentyn"]
[Black "Chylewski, FM Patryk"]
[Result "0-1"]
[ECO "A37"]
[WhiteElo "2287"]
[BlackElo "2281"]
[Annotator "TA"]
[PlyCount "70"]
[EventDate "2022.04.29"]
[EventCountry "POL"]
[SourceTitle "playchess.com"]
[Source "ChessBase"]
[SourceQuality "1"]
[TimeControl "40/5400+30:1800+30"]

1. Nf3 c5 2. c4 Nc6 3. Nc3 g6 4. g3 Bg7 5. Bg2 d6 6. O-O e6 7. b3 {[%emt 0:03:56] A37: Symmetrical English vs ...g6: 4 Bg2 Bg7 5 Nf3.} Nge7 8. Bb2 O-O 9. e3 {[%emt 0:01:50] The position is equal.} Rb8 10. Qe2 {[%emt 0:09:55] [#]} a6 $146 ({Predecessor:} 10... e5 11. d3 h6 12. Nd2 Be6 13. Rac1 Qd7 14. Nd5 Rbe8 15. a3 Bg4 16. f3 Be6 {0-1 (45) Patuzzo,F (2332)-Cvitan,O (2514) Switzerland 2002}) 11. Rfd1 (11. d4 $5) 11... b5 12. d3 e5 13. d4 (13. Nd2 $11) 13... exd4 14. exd4 cxd4 15. Nd5 bxc4 (15... Re8 $5 16. Qd2 Bg4 $11) 16. Qxc4 (16. Nxd4 $11 {remains equal.} Ne5 17. Ne3 (17. bxc4 Nxd5 18. Bxd5 Bg4 $17)) 16... Nxd5 $17 17. Qxd5 Ne5 {[%emt 0:05:39] White must now prevent ...Bb7.} 18. Kh1 ({White should play} 18. Nxd4 Bb7 19. Qxb7 Rxb7 20. Bxb7) 18... Rb4 $1 19. Qe4 (19. Nxe5 $17 dxe5 20. Qxd8 Rxd8 21. Kg1) 19... Bb7 $19 20. Qe2 d3 21. Qd2 {[%emt 0:03:19] [#]} (21. Rxd3 {was worth a try.} Nxd3 22. Bxg7 Nxf2+ 23. Qxf2 Kxg7 24. Nd4) 21... Bxf3 $1 22. Bxe5 Bxg2+ 23. Kxg2 {[%emt 0:00:09] Threatens to win with Bxg7.} Qa8+ ({Weaker is} 23... dxe5 24. Qxb4 Qa8+ 25. Kg1 $11) 24. Kg1 {[%emt 0:02:32] [#] aiming for Bxg7.} Bxe5 25. Qxb4 Bxa1 26. Rxa1 {[%emt 0:00:01][%mdl 4096] Endgame KQR-KQR} Re8 27. Qxd6 {[%emt 0:01:37] [#]} Rd8 (27... Qf3 $1 $19 {...h5 is the strong threat.} 28. a3 h5) 28. Qf4 d2 29. Rd1 Qc6 $36 {[%emt 0:00:46][%mdl 2048] And now ...Qc2 would win. Black is on the roll. Black is more active.} 30. Qh4 $2 {[%emt 0:02:56][%mdl 8192] [#]} (30. Qg5 $17 Rd5 31. Qe3) 30... Re8 $1 31. Qb4 Re2 32. Qb8+ {[%emt 0:00:37] Black is clearly winning.} Kg7 {[%emt 0:00:10] ( -> ...Re1+)} 33. Qb4 Qf6 34. f4 Qc6 (34... Qb2 $142 35. Kf1 Rxh2) 35. Qd4+ Kh6 {[%emt 0:00:18] Weighted Error Value: White=0.85/Black=0.25 (precise)} 0-1

[Event "Swietokrzyskie IM Chess-ch 2022"]
[Site "Zagnansk"]
[Date "2022.05.01"]
[Round "2.5"]
[White "Nowak, FM Lukasz"]
[Black "Kotyk, Michael"]
[Result "1/2-1/2"]
[ECO "E07"]
[WhiteElo "2376"]
[BlackElo "2170"]
[Annotator "TA"]
[PlyCount "84"]
[EventDate "2022.04.29"]
[EventCountry "POL"]
[SourceTitle "playchess.com"]
[Source "ChessBase"]
[SourceQuality "1"]
[TimeControl "40/5400+30:1800+30"]

1. d4 Nf6 2. c4 e6 3. Nf3 d5 4. g3 Be7 5. Bg2 O-O 6. O-O c6 7. Nc3 Nbd7 8. Qd3 b6 9. e4 Ba6 10. b3 b5 {[%emt 0:05:25][%cal Rb5c4] E07: Closed Catalan: Main Line (5 Nf3 0-0 6 0-0 Nbd7).} 11. c5 ({Inferior is} 11. cxb5 Bxb5 12. Qc2 (12. Nxb5 $2 dxe4 13. Qe2 exf3 $19) 12... dxe4 13. Nxe4 Bxf1 14. Bxf1 Nxe4 15. Qxe4 c5 $17) (11. cxd5 $14 cxd5 12. e5) 11... dxe4 $11 12. Nxe4 {[%emt 0:03:04] [#]} Nxc5 $1 {[%emt 0:04:35] The position is equal.} 13. Nxc5 Bxc5 {[%emt 0:00:05][%mdl 64] [#] Pin} 14. Bg5 $146 ({Predecessor:} 14. Qc2 Bb6 15. Rd1 Bb7 16. a4 h6 17. Ba3 Re8 18. Bc5 bxa4 19. bxa4 Qc7 20. Ne5 {1-0 (30) Erdos,V (2612)-Zajic,M (2485) Skopje 2019}) 14... Bb6 15. Rfd1 h6 16. Bxf6 Qxf6 17. Ne5 Rad8 $36 {[%emt 0:03:13][%mdl 2048] Against Nd7. Black is more active.} 18. Nxc6 Rd6 19. Qf3 Qxf3 $1 20. Bxf3 Re8 21. Rac1 Bb7 22. Kf1 Kf8 23. Ne5 Bxf3 24. Nxf3 Red8 25. Ke2 Bxd4 (25... g5 {is interesting.} 26. h3 Kg7 27. g4 Kg6) 26. Nxd4 Rxd4 27. Rxd4 Rxd4 $17 {[%emt 0:00:02][%mdl 4096] Endgame KR-KR} 28. Rc7 a5 29. Rb7 {[%emt 0:00:58] [#]} b4 30. h4 g6 31. Ra7 Rd5 32. Ke3 h5 33. Ke2 Kg7 34. Ke3 Kf6 35. Ke2 Rc5 {[%emt 0:08:18] Strongly threatening ...Rc2+.} 36. Ke3 Rd5 37. Ke2 $1 Kg7 38. Ke3 Rf5 39. Ke2 Kh6 40. Ra8 f6 (40... Rc5 $17 {Hoping for ...Rc2+.} 41. Ke3 Kh7) 41. Ra6 $11 Re5+ 42. Kd3 Kg7 {[%emt 0:08:33] Weighted Error Value: White=0.11 (very precise) /Black=0.15 (very precise)} 1/2-1/2